 Dungeon Crawl Stone Soup version 0.31-a0-182-gc5ef74bbde (webtiles) character file.

Game seed: 8873658745271815026

7 Moral the Sneak (level 2, -1/15 HPs)
             Began as a Vine Stalker Brigand on June 22, 2023.
             Slain by a quokka (3 damage)
             ... on level 1 of the Dungeon.
             The game lasted 00:01:13 (184 turns).

Moral the Sneak (Vine Stalker Brigand)               Turns: 184, Time: 00:01:15

Health: -1/15      AC:  3    Str: 13    XL:     2   Next: 0%
Magic:  0/3        EV: 11    Int: 11    God:
Gold:   17         SH:  0    Dex: 15    Spells: 1/1 levels left

rFire   . . .        a - +2 dagger
rCold   . . .        (no shield)
rNeg    . . .        b - +0 robe
rPois   .            (no helmet)
rElec   .            c - +0 cloak
rCorr   .            (no gloves)
SInv    .            (no boots)
Will    .....        (no amulet)
Stlth   +++          (no ring)
HPRegen 0.22/turn    (no ring)
MPRegen 0.08/turn

%: guardian spirit
@: no status effects
A: fangs 2, magic shield, antimagic bite, no potion heal 2
a: no special abilities


You were on level 1 of the Dungeon.
You visited 1 branch of the dungeon, and saw 1 of its levels.

You collected 17 gold pieces.

Inventory:

Hand Weapons
 a - a +2 dagger (weapon)
Missiles
 d - 9 poisoned darts (quivered)
 e - 3 curare-tipped darts
Armour
 b - a +0 robe (worn)
 c - a +0 cloak (worn)


   Skills:
 + Level 1.9 Fighting
 + Level 1.9 Short Blades
 + Level 1.9 Throwing
 + Level 0.9 Dodging
 * Level 5.0 Stealth


You had one spell level left.
You didn't know any spells.
Your spell library was empty.

Dungeon Overview and Level Annotations

Branches:
Dungeon (1/15)

Altars:


Innate Abilities, Weirdness & Mutations

You have extremely sharp teeth.
When hurt, damage is shared between your health and your magic reserves.
Your bite disrupts and absorbs the magic of your enemies.
Potions cannot restore your health.


Message History

You are too injured to fight recklessly!
You are too injured to fight recklessly!
You are too injured to fight recklessly!
You are too injured to fight recklessly!
You are too injured to fight recklessly!
You are too injured to fight recklessly!
You are too injured to fight recklessly!
You are too injured to fight recklessly!
You are too injured to fight recklessly!
You are too injured to fight recklessly!
You are too injured to fight recklessly!
You are too injured to fight recklessly!
You are too injured to fight recklessly!
You are too injured to fight recklessly!
You hit the frilled lizard.
You kill the frilled lizard!
The frilled lizard bites you but does no damage.
The quokka bites you.
* * * LOW HITPOINT WARNING * * *
You hit the frilled lizard.
You kill the frilled lizard!
The quokka completely misses you. The frilled lizard barely misses you.
You have reached level 2!
You hit the quokka but do no damage. The quokka misses you.
The frilled lizard closely misses you. The frilled lizard bites you.
* * * LOW HITPOINT WARNING * * *
You hit the quokka. You bite the quokka. You drain its power.
You feel invigorated.
The quokka is severely wounded.
The quokka bites you. The frilled lizard bites you.
* * * LOW HITPOINT WARNING * * *
The frilled lizard barely misses you.
You closely miss the quokka.
The quokka is severely wounded.
The quokka barely misses you. The frilled lizard bites you.
* * * LOW HITPOINT WARNING * * *
The frilled lizard bites you.
* * * LOW HITPOINT WARNING * * *
The quokka bites you.
You die...

#. # #.# ##### ##
#.# P..P## .##
#.##....P. ..##
##.#P.....# #..##
##..#..... ###<#
##...lll##### ###
#.##$@rl.....
########
#.#..###.###
.....[.#######.#.#
####...........#.#
#.#.#########.#
#.#.# #.# #.#.#
#.# #.#.# #.#
#.#.# .#


You could see a quokka and 4 frilled lizards.

Vanquished Creatures
  A goblin (D:1)
  A kobold (D:1)
  A bat (D:1)
  4 frilled lizards (D:1)
  A rat (D:1)
8 creatures vanquished.

Notes
Turn   | Place    | Note
-------+----------+-------------------------------------------
     0 | D:1      | Moral the Vine Stalker Brigand began the quest for the Orb.
     0 | D:1      | Reached XP level 1. HP: 11/11 MP: 2/2
   174 | D:1      | Reached skill level 5 in Stealth
   182 | D:1      | Reached XP level 2. HP: 5/15 MP: 1/3
   184 | D:1      | Slain by a quokka

Illustrated notes

Levels and vault maps discovered:
D:1:      minmay_arrival_pointy, layout_loops_ring, st_stairs_2,
          minmay_lizard_king

Skill      XL: |  1 |
---------------+----+-----
Stealth        | 5 |  5.0
Fighting       | |  1.9
Short Blades   | |  1.9
Throwing       | |  1.9
Dodging        | |  0.9

Action                     || total
---------------------------++-------
  Melee: Dagger            ||    17
         Bite              ||     3
 Armour: Robe              ||     7
  Dodge: Dodged            ||    15

Table legend: (Time is in decaauts)
 A = Elapsed time spent in this place.
 B = Non-inter-level travel time spent in this place.
 C = Inter-level travel time spent in this place.
 D = Time resting spent in this place.
 E = Time spent auto-exploring this place.
 F = Levels seen in this place.
 G = Mean time per level.
                   A        B        C        D        E       F      G
               +--------+--------+--------+--------+--------+-----+--------+
         Total |    182 |    182 |      0 |      0 |    151 |   1 |  182.0 |
       Dungeon |    182 |    182 |      0 |      0 |    151 |   1 |  182.0 |
               +--------+--------+--------+--------+--------+-----+--------+

Top non-repeatable levels by time:
     D:1: 182 daAuts
